 Dungeon Crawl Stone Soup version 0.25-a0-927-g39f137c8b7 (webtiles) character file.

Game seed: 12531836887946810199, levelgen mode: deterministic

45573 Maedhros the Martial Artist (level 14, -5/94 HPs)
             Began as an Octopode Artificer on May 3, 2020.
             Was a High Priest of Cheibriados.
             Slain by an orc wizard
             ... wielding a +1 dagger of electrocution
              (14 damage)
             ... on level 2 of the Orcish Mines.
             The game lasted 01:28:30 (12076 turns).

Maedhros the Martial Artist (Octopode Artificer)   Turns: 12076, Time: 01:28:30

Health: -5/94      AC:  9    Str: 23    XL:     14   Next: 33%
Magic:  35/35      EV: 16    Int: 36    God:    Cheibriados [*****.]
Gold:   266        SH:  0    Dex: 25    Spells: 8/30 levels left

rFire    + + .     SeeInvis .     - Unarmed
rCold    + . .     Gourm    .   (shield currently unavailable)
rNeg     . . .     Faith    .   (helmet currently unavailable)
rPois    +         Spirit   .   (no amulet)
rElec    .         Reflect  .   z - ring of protection from cold
rCorr    .         Harm     .   O - ring of wizardry
MR       ++...                  t - ring of magical power
Stlth    ++++......             C - ring of protection from fire
HPRegen  0.25/turn              V - +2 ring of slaying
MPRegen  0.24/turn              L - ring of protection from fire
                                N - ring of protection from magic
                                U - ring of Miaviolu {Int+9 Dex-3 Stlth+}

@: hydra-form, very slightly contaminated, very slow
A: very large, almost no armour, stealthy swim, amphibious, 8 rings, (constrict
8), repulsion field 1, frail 2
a: End Transformation, Bend Time, Temporal Distortion, Slouch, Step From Time,
Renounce Religion


You were on level 2 of the Orcish Mines.
You worshipped Cheibriados.
Cheibriados was extremely pleased with you.
You were not hungry.
You were an eight-headed hydra.
You visited 4 branches of the dungeon, and saw 22 of its levels.
You also visited: Sewer and Volcano.

You collected 1235 gold pieces.
You spent 969 gold pieces at shops.

Inventory:

Hand Weapons
 g - a +0 dagger of venom
 p - a +2 fustibalus of flaming
 v - a +4 vorpal trident
 S - a +1 vorpal eveningstar
Missiles
 b - 4 atropa-tipped darts
 y - 8 curare-tipped darts
 D - 73 sling bullets
 F - 30 poisoned darts (quivered)
 H - 2 boomerangs of dispersal
Armour
 k - a +0 kite shield
 A - a +2 buckler (melded)
 Q - a +2 hat (melded)
Magical Staves
 j - an uncursed staff of poison
Jewellery
 m - an uncursed ring of fire
 t - a ring of magical power (on tentacle)
 z - a ring of protection from cold (left foreclaw)
 C - a ring of protection from fire (on tentacle)
 G - an uncursed ring of resist corrosion
 K - an uncursed ring of ice
 L - a ring of protection from fire (on tentacle)
 N - a ring of protection from magic (on tentacle)
 O - a ring of wizardry (right foreclaw)
 P - an uncursed ring of fire
 U - the ring of Miaviolu (on tentacle) {Int+9 Dex-3 Stlth+}
   (You bought it in a shop on level 11 of the Dungeon)

   [ring of stealth]

   It affects your intelligence (+9).
   It affects your dexterity (-3).
   It makes you more stealthy.
 V - a +2 ring of slaying (on tentacle)
Wands
 c - a wand of enslavement (10)
 d - a wand of acid (19)
 n - a wand of digging (3)
 o - a wand of iceblast (3)
 M - a wand of paralysis (12)
 T - a wand of flame (8)
Scrolls
 e - 4 scrolls of remove curse
 h - 6 scrolls of teleportation
 l - 2 scrolls of fog
 B - 2 scrolls of fear
 E - a scroll of blinking
 I - 4 scrolls of amnesia
Potions
 a - 4 potions of might
 q - 4 potions of flight
 r - 2 potions of magic
 s - 2 potions of cancellation
 u - 4 potions of lignification
 w - 2 potions of ambrosia
 x - a potion of resistance
 R - a potion of stabbing
 W - a potion of brilliance {unknown}
Miscellaneous
 J - 2 phantom mirrors
Comestibles
 f - 11 rations


   Skills:
 - Level 7.0 Fighting
 - Level 1.0 Short Blades
 - Level 7.2 Dodging
 - Level 4.0 Stealth
 - Level 4.0 Shields
 - Level 10.2 Unarmed Combat
 + Level 8.5 Spellcasting
 - Level 5.0 Hexes
 - Level 9.0 Summonings
 - Level 7.0 Translocations
 * Level 9.6 Transmutations
 + Level 6.4 Poison Magic
 - Level 6.0 Invocations
 - Level 3.2 Evocations


You had 8 spell levels left.
You knew the following spells:

 Your Spells              Type           Power        Failure   Level  Hunger
a - Summon Forest         Summ/Tloc      ######....   1%          5    ###....
b - Summon Mana Viper     Hex/Summ       ######..     1%          5    ###....
c - Eringya's Noxious Bo  Tmut/Pois      ######....   6%          6    #####..
d - Hydra Form            Tmut           ######....   3%          6    #####..

Your spell library contained the following spells:

 Spells                   Type           Power        Failure   Level  Hunger
 Magic Dart               Conj           ###.         1%          1    None
 Blink                    Tloc           N/A          1%          2    None
 Call Imp                 Summ           ######..     1%          2    None
 Corpse Rot               Necr/Air       N/A          1%          2    None
 Ensorcelled Hibernation  Hex/Ice        ####..       1%          2    None
 Slow                     Hex            ######..     1%          2    None
 Mephitic Cloud           Conj/Pois/Air  ####....     1%          3    None
 Recall                   Summ/Tloc      N/A          1%          3    None
 Aura of Abjuration       Summ           ######....   1%          5    ###....
 Summon Demon             Summ           ######....   1%          5    ###....
 Conjure Flame            Conj/Fire      ###.....     3%          3    None
 Stone Arrow              Conj/Erth      ###...       3%          3    None
 Shadow Creatures         Summ           N/A          4%          6    #####..
 Silence                  Hex/Air        ####......   11%         5    ###....
 Darkness                 Hex            ######....   21%         6    #####..
 Summon Hydra             Summ           ######....   22%         7    ######.
 Borgnjor's Vile Clutch   Necr/Erth      ###.......   28%         5    ###....


Dungeon Overview and Level Annotations

Branches:
Dungeon (15/15)            Temple (1/1) D:6            Lair (4/6) D:9
  Swamp (0/4) Lair:3          Orc (2/2) D:10            Elf (0/3) Orc:2
 Depths (0/5) D:15          Sewer (visited)         Volcano (visited)
  Snake: Lair:2-4    Spider: Lair:2-4    Vaults: D:13-14

Altars:
Ashenzari
Cheibriados
Dithmenos
Elyvilon
Fedhas
Gozag
Hepliaklqana
Kikubaaqudgha
Makhleb
Nemelex Xobeh
Okawaru
Qazlal
Ru
Sif Muna
Trog
Uskayaw
Vehumet
Wu Jian
Xom
Yredelemnul
The Shining One

Shops:
D:6 (   D:11 =   D:14 %   Orc:1 [

Annotations:
D:15 2 transporters, Lomaesku's ghost, journeyman GrEE


Innate Abilities, Weirdness & Mutations

You cannot wear most types of armour.
You are very stealthy in the water. (Stealth+)
You are amphibious.
You can wear up to eight rings at the same time.
((You can use your tentacles to constrict eight enemies at once.))
((Your skin changes colour to match your surroundings (Stealth+).))
((Your rubbery body absorbs attacks. (AC +1, EV +1)))
((One of your tentacles bears a spike.))
You are surrounded by a mild repulsion field. (EV +2)
You are very frail. (-20% HP)
((Your system is resistant to poisons. (rPois)))


Message History

You are electrocuted!
Items here: $ )) [[ a +2 vorpal glaive; a +0 plate armour; a +0 short sword; a +0 leather armour 25 gold pieces You nip at the orc wizard but do no damage.
The orc wizard barely misses you.
You nip at the orc wizard but do no damage.
The orc wizard misses you.
You bite the orc wizard!
The orc wizard is severely wounded.
The orc wizard closely misses you.
You nip at the orc wizard but do no damage.
The orc wizard is severely wounded.
The orc wizard hits you with a +1 dagger of electrocution.
* * * LOW HITPOINT WARNING * * *
You are electrocuted!!
* * * LOW HITPOINT WARNING * * *
The orc wizard hits you but does no damage.
You are electrocuted!
You die...

.O.o...)).......^....
.......)(............
.....[)(.............
....)......<.........
...))#...............
#.#.<....$...........
# #..................
#o.................
##D#..............#
#.)...........$....
#.............o..
#........# #........#
#......... .........o
.......$>. ...#...#.


You could see 2 orc wizards.

Vanquished Creatures
  An ettin (D:15)
  Erolcha (Orc:1)
  A hydra (Lair:3)
  Erica (Orc:1)
  3 two-headed ogres
  2 skeletal warriors
  A fire crab (Volcano)
  2 unseen horrors (D:11)
  A deep troll (D:15)
  A deep elf archer (D:15)
  A wizard (D:10)
  A lindwurm (Volcano)
  Pikel (D:7)
  A manticore (D:15)
  3 ugly things
  2 cyclopes
  An elephant (Lair:4)
  4 large abominations (D:10)
  Psyche (D:10)
  A gargoyle (D:11)
  A spiny frog (Lair:2)
  An efreet (D:13)
  A komodo dragon (D:11)
  4 yaktaurs (D:15)
  2 queen bees (D:9)
  A jumping spider (Lair:3)
  3 tengu conjurers
  A troll (D:15)
  A wolf spider simulacrum (D:15)
  A meliai zombie (D:10)
  2 slime creatures (D:13)
  3 hippogriffs
  A dream sheep (Lair:4)
  2 shadows (D:10)
  5 wraiths (D:10)
  4 flying skulls (D:10)
  A gnoll sergeant (D:7)
  15 yaks
  16 fire bats (Volcano)
  A hungry ghost (D:9)
  A warg (Orc:1)
  7 lava snakes (Volcano)
  5 small abominations (D:10)
  A soldier ant (D:9)
  12 porcupines
  4 hell hounds
  A water moccasin (shapeshifter) (D:13)
  5 water moccasins
  2 ice beasts
  3 black bears
  A meliai simulacrum (D:12)
  2 phantoms
  10 orc warriors
  4 sky beasts
  9 ogres
  5 centaurs
  5 wolves
  A big kobold (shapeshifter) (D:15)
  7 crocodiles
  11 bullfrogs
  A wyvern zombie (D:10)
  A wyvern skeleton (D:11)
  A water moccasin skeleton (D:10)
  2 scorpions
  23 killer bees (D:9)
  7 wights
  3 howler monkeys
  4 crimson imps
  4 bullfrog zombies
  3 centaur zombies
  5 hounds
  A quasit (D:11)
  12 orc priests
  6 centaur skeletons
  2 jellies (D:8)
  5 bullfrog skeletons
  13 orc wizards
  Ijyb (D:5)
  10 worker ants
  2 iguanas
  A nameless horror (D:13)
  A hound zombie (D:10)
  A hound skeleton (D:6)
  3 worker ant zombies
  3 howler monkey zombies (D:10)
  A mummy (D:6)
  A howler monkey skeleton (D:7)
  4 gnolls
  10 adders
  2 river rats
  3 shadow imps (D:11)
  4 adder skeletons
  4 worms
  3 dart slugs
  A leopard gecko (D:8)
  57 orcs
  6 ball pythons
  6 bats
  7 giant cockroaches
  3 hobgoblins
  20 jackals
  6 quokkas
  4 frilled lizards
  10 goblins
  A goblin skeleton (D:4)
  3 hobgoblin zombies (D:4)
  10 kobolds
  3 kobold skeletons (D:4)
  A kobold zombie (D:4)
  2 leopard gecko skeletons
  5 orc skeletons (D:4)
  8 rats
  A fungus (Lair:4)
  5 plants (Sewer)
498 creatures vanquished.

Vanquished Creatures (collateral kills)
  3 hydras
  An ogre mage (D:15)
  A tengu warrior (D:15)
  7 skeletal warriors
  A necromancer (D:10)
  A manticore (D:15)
  A cyclops (D:15)
  Joseph (D:7)
  2 spiny frogs
  A yaktaur (D:15)
  2 jumping spiders (Lair:3)
  2 slime creatures (D:13)
  5 dream sheep (Lair:4)
  A redback (Lair:3)
  A shadow (D:14)
  A fire bat (Volcano)
  17 yaks
  2 nameless horrors
  A golden eye (shapeshifter) (D:13)
  A large abomination (D:10)
  2 water moccasins
  A sky beast (D:11)
  2 ogres
  4 orc warriors
  2 small abominations (D:10)
  2 wolves (Lair:2)
  A centaur (D:13)
  A crocodile (Lair:3)
  2 bullfrogs
  3 killer bees (D:9)
  A crimson imp (D:5)
  A bullfrog zombie (D:13)
  3 orc priests
  2 hounds
  An iguana (D:5)
  3 orc wizards
  A worker ant (D:11)
  A worker ant zombie (D:5)
  An adder (D:5)
  6 gnolls
  14 orcs
  A bush (Lair:4)
  7 fungi
  11 plants
125 creatures vanquished.

Vanquished Creatures (others)
  A komodo dragon (Lair:3)
  An orc warrior (Orc:2)
  A big kobold (D:7)
  2 orc priests
  An orc (Orc:1)
  A hobgoblin (D:2)
  5 kobolds (D:7)
  29 fungi
  22 plants
  7 snaplasher vines
70 creatures vanquished.

Grand Total: 693 creatures vanquished

Notes
Turn   | Place    | Note
-------+----------+-------------------------------------------
     0 | D:1      | Maedhros the Octopode Artificer began the quest for the
                  | Orb.
     0 | D:1      | Reached XP level 1. HP: 13/13 MP: 3/3
   126 | D:1      | Reached XP level 2. HP: 13/18 MP: 4/4
   264 | D:3      | Reached XP level 3. HP: 12/23 MP: 5/5
   337 | D:3      | Reached skill level 1 in Unarmed Combat
   360 | D:3      | Found a faded altar of an unknown god.
   547 | D:4      | Reached skill level 2 in Unarmed Combat
   547 | D:4      | Reached XP level 4. HP: 6/28 MP: 6/6
   797 | D:4      | Reached skill level 3 in Unarmed Combat
   814 | D:4      | Reached XP level 5. HP: 33/33 MP: 7/7
   822 | D:4      | Reached skill level 4 in Unarmed Combat
   861 | D:5      | Entered Level 5 of the Dungeon
   861 | D:5      | Noticed an ogre
   869 | D:5      | Noticed a centaur
   893 | D:5      | Killed a centaur
   893 | D:5      | Reached skill level 5 in Unarmed Combat
   893 | D:5      | Reached XP level 6. HP: 30/38 MP: 8/8
   900 | D:5      | Found a glowing drain.
   947 | D:5      | Learned a level 5 spell: Summon Forest
  1029 | D:5      | Noticed an ice beast
  1032 | D:5      | Reached skill level 1 in Summonings
  1032 | D:5      | Reached skill level 1 in Translocations
  1032 | D:5      | Reached XP level 7. HP: 18/43 MP: 9/9
  1045 | D:5      | Reached skill level 6 in Unarmed Combat
  1092 | D:4      | Found a glowing golden altar of the Shining One.
  1159 | D:5      | Noticed Ijyb
  1183 | D:5      | Killed Ijyb
  1264 | Sewer    | Entered a sewer
  2071 | D:6      | Found Vuat's Antique Weapon Emporium.
  2151 | D:6      | Found a staircase to the Ecumenical Temple.
  2160 | Temple   | Entered the Ecumenical Temple
  2239 | Temple   | Became a worshipper of Xom of Chaos
  2295 | D:6      | XOM: potion effect (might)
  2301 | D:6      | Reached XP level 8. HP: 24/48 MP: 10/10
  2311 | D:6      | Found a snail-covered altar of Cheibriados.
  2321 | D:6      | Reached skill level 7 in Unarmed Combat
  2323 | D:6      | Fell from the grace of Xom
  2323 | D:6      | Became a worshipper of Cheibriados the Contemplative
  2344 | D:6      | Noticed a two-headed ogre
  2355 | D:6      | Killed a two-headed ogre
  2355 | D:6      | Reached skill level 8 in Unarmed Combat
  2366 | D:6      | Found a hide-covered altar of Uskayaw.
  2417 | D:6      | Reached XP level 9. HP: 44/53 MP: 11/11
  2460 | D:7      | Noticed Joseph
  2471 | D:7      | Killed Joseph
  2501 | D:7      | Reached skill level 9 in Unarmed Combat
  2592 | D:7      | Noticed Pikel
  2609 | D:7      | Killed Pikel
  2609 | D:7      | Reached skill level 1 in Shields
  2609 | D:7      | Reached skill level 5 in Summonings
  2609 | D:7      | Reached skill level 5 in Translocations
  2612 | D:7      | Reached * piety under Cheibriados
  3021 | D:3      | XOM: give mutations
  3021 | D:3      | Gained mutation: Your mind is acute. (Int +2) [Xom's grace]
  3021 | D:3      | Gained mutation: You possess an exceptional clarity of
                  | mind. [Xom's grace]
  3021 | D:3      | Gained mutation: You are robust. (+10% HP) [Xom's grace]
  3021 | D:3      | Gained mutation: You are somewhat resistant to further
                  | mutation. [Xom's grace]
  3116 | D:4      | XOM: polymorph quokka -> river rat
  3164 | D:4      | Reached ** piety under Cheibriados
  3342 | D:2      | Found a stormy altar of Qazlal.
  3570 | D:2      | Found an opulent altar of Gozag.
  3580 | D:2      | Reached *** piety under Cheibriados
  3781 | D:4      | Reached skill level 10 in Unarmed Combat
  3841 | D:4      | Reached XP level 10. HP: 54/63 MP: 12/12
  3938 | D:4      | Found a blossoming altar of Fedhas.
  4059 | D:8      | XOM: 1-stop teleportation journey
  4106 | D:8      | Reached **** piety under Cheibriados
  4139 | D:8      | Lost mutation: Your mind is acute. (Int +2) [potion of
                  | mutation]
  4139 | D:8      | Lost mutation: You are robust. (+10% HP) [potion of
                  | mutation]
  4139 | D:8      | Lost mutation: You possess an exceptional clarity of mind.
                  | [potion of mutation]
  4159 | D:8      | Reached skill level 1 in Invocations
  4260 | D:8      | Lost mutation: You are somewhat resistant to further
                  | mutation. [potion of mutation]
  4260 | D:8      | Gained mutation: Your system is resistant to poisons.
                  | (rPois) [potion of mutation]
  4260 | D:8      | Gained mutation: Your muscles are strong. (Str +2) [potion
                  | of mutation]
  4471 | D:9      | Found a shadowy altar of Dithmenos.
  4923 | D:10     | Entered Level 10 of the Dungeon
  4940 | D:10     | Noticed Psyche
  4944 | D:10     | Killed Psyche
  4958 | D:10     | Found a staircase to the Orcish Mines.
  4976 | D:10     | Reached ***** piety under Cheibriados
  5279 | D:10     | Noticed a wizard
  5286 | D:10     | Killed a wizard
  5290 | D:10     | Noticed a large abomination
  5290 | D:10     | Noticed a large abomination
  5290 | D:10     | Noticed a large abomination
  5390 | D:10     | Killed a large abomination
  5401 | D:10     | Reached XP level 11. HP: 66/67 MP: 14/14
  5452 | D:10     | Killed a large abomination
  5452 | D:10     | Reached skill level 5 in Invocations
  5520 | D:10     | XOM: give mutations
  5520 | D:10     | Lost mutation: Your system is resistant to poisons. (rPois)
                  | [Xom's mischief]
  5520 | D:10     | Gained mutation: Potions are less effective at restoring
                  | your health. [Xom's mischief]
  5520 | D:10     | Gained mutation: You are frail. (-10% HP) [Xom's mischief]
  5520 | D:10     | Gained mutation: Scrolls take you a little longer to read.
                  | [Xom's mischief]
  5575 | D:10     | Learned a level 5 spell: Summon Mana Viper
  5719 | D:9      | Reached skill level 1 in Hexes
  5724 | D:9      | XOM: blink monster(s)
  5725 | D:9      | Reached skill level 1 in Spellcasting
  5744 | D:10     | XOM: scenery: 1 doors close
  5947 | D:9      | Found a staircase to the Lair.
  5975 | D:9      | Found a shimmering altar of Xom.
  6045 | D:9      | XOM: noise
  6083 | D:9      | Reached skill level 5 in Dodging
  6297 | D:10     | Reached skill level 5 in Fighting
  6353 | D:10     | XOM: swap monsters
  6509 | D:11     | Noticed a purple ugly thing
  6519 | D:11     | Killed a purple ugly thing
  6612 | D:10     | Noticed a necromancer
  6616 | D:10     | Killed a necromancer
  6616 | D:10     | Reached XP level 12. HP: 40/69 MP: 17/17
  6693 | Lair:1   | XOM: noise
  6693 | Lair:1   | Entered Level 1 of the Lair of Beasts
  6799 | Lair:1   | XOM: give mutations
  6799 | Lair:1   | Gained mutation: You are very frail. (-20% HP) [Xom's
                  | mischief]
  6799 | Lair:1   | Lost mutation: Potions are less effective at restoring your
                  | health. [Xom's mischief]
  6799 | Lair:1   | Lost mutation: Your muscles are strong. (Str +2) [Xom's
                  | mischief]
  6799 | Lair:1   | Gained mutation: You are dopey. (Int -2) [Xom's mischief]
  6833 | Lair:1   | XOM: give mutations
  6833 | Lair:1   | Lost mutation: You are very frail. (-20% HP) [Xom's
                  | mischief]
  6833 | Lair:1   | Gained mutation: You are very frail. (-20% HP) [Xom's
                  | mischief]
  6833 | Lair:1   | Gained mutation: You are weak. (Str -2) [Xom's mischief]
  6888 | Lair:1   | XOM: give mutations
  6888 | Lair:1   | Gained mutation: You are extremely frail. (-30% HP) [Xom's
                  | mischief]
  6888 | Lair:1   | Lost mutation: Scrolls take you a little longer to read.
                  | [Xom's mischief]
  6888 | Lair:1   | Gained mutation: You occasionally shout uncontrollably at
                  | your foes. [Xom's mischief]
  6888 | Lair:1   | Lost mutation: You are weak. (Str -2) [Xom's mischief]
  7043 | Lair:2   | You fall into a shaft and drop 1 floor!
  7044 | Lair:3   | Noticed an eight-headed hydra
  7056 | Lair:3   | Killed an eight-headed hydra
  7206 | Lair:2   | Found a dark tunnel.
  7218 | Volcano  | Entered a volcano
  7226 | Volcano  | Learned a level 6 spell: Eringya's Noxious Bog
  7434 | Volcano  | Reached skill level 5 in Hexes
  7465 | Volcano  | Found a bloodstained altar of Trog.
  7550 | Volcano  | XOM: give mutations
  7550 | Volcano  | Gained mutation: Scrolls take you a little longer to read.
                  | [Xom's mischief]
  7550 | Volcano  | Lost mutation: You occasionally shout uncontrollably at
                  | your foes. [Xom's mischief]
  7654 | Volcano  | Reached skill level 5 in Spellcasting
  7750 | Volcano  | Found a burning altar of Makhleb.
  7832 | Lair:2   | XOM: god gift: 8 curare-tipped darts
  8113 | Lair:3   | Found a staircase to the Swamp.
  8190 | Lair:3   | XOM: noise
  8250 | Lair:2   | Reached skill level 1 in Transmutations
  8457 | Lair:3   | Noticed a five-headed hydra
  8465 | Lair:3   | Killed a five-headed hydra
  8466 | Lair:3   | XOM: noise
  8600 | Lair:3   | Reached XP level 13. HP: 33/60 MP: 20/22
  8615 | Lair:3   | XOM: 2-stop teleportation journey
  9038 | Lair:4   | XOM: 1-stop teleportation journey
  9038 | Lair:4   | Was forgiven by Xom
  9380 | D:10     | Reached skill level 5 in Transmutations
  9577 | D:11     | You fall into a shaft and drop 2 floors!
  9602 | D:13     | Noticed a vault guard
  9615 | D:13     | Reached skill level 1 in Poison Magic
  9631 | D:13     | Noticed a vault guard
  9635 | D:13     | Got a polished spear
  9640 | D:13     | Identified the cursed +1 spear "Plog" {antimagic, Fragile
                  | rF+ Int+3} (You found it on level 13 of the Dungeon)
 10067 | D:12     | Reached ****** piety under Cheibriados
 10202 | D:13     | Lost mutation: Scrolls take you a little longer to read.
                  | [potion of mutation]
 10202 | D:13     | Lost mutation: You are dopey. (Int -2) [potion of mutation]
 10202 | D:13     | Lost mutation: You are extremely frail. (-30% HP) [potion
                  | of mutation]
 10202 | D:13     | Gained mutation: You are extremely frail. (-30% HP) [potion
                  | of mutation]
 10202 | D:13     | Gained mutation: Your system is resistant to poisons.
                  | (rPois) [potion of mutation]
 10203 | D:13     | Lost mutation: You are extremely frail. (-30% HP) [potion
                  | of mutation]
 10203 | D:13     | Gained mutation: One of your tentacles bears a spike.
                  | [potion of mutation]
 10203 | D:13     | Gained mutation: You are surrounded by a mild repulsion
                  | field. (EV +2) [potion of mutation]
 10302 | D:13     | Learned a level 6 spell: Hydra Form
 10459 | D:14     | Found Cephiq's Food Boutique.
 10596 | D:15     | Entered Level 15 of the Dungeon
 10657 | D:15     | Found a transporter.
 10657 | D:15     | Identified the +7 great mace "Sac Kufa" {freeze, Int+6}
 10657 | D:15     | Noticed a frost giant
 10657 | D:15     | Noticed Lomaesku's ghost (journeyman GrEE)
 10662 | D:15     | Found a transporter.
 10987 | D:15     | Reached skill level 5 in Poison Magic
 10987 | D:15     | Reached XP level 14. HP: 15/73 MP: 16/25
 11201 | D:15     | Found a staircase to the Depths.
 11635 | D:11     | Found Anlu's Jewellery Boutique.
 11643 | D:11     | Bought an uncursed ring of wizardry for 330 gold pieces
 11643 | D:11     | Bought the ring of Miaviolu {Int+9 Dex-3 Stlth+} for 408
                  | gold pieces
 11643 | D:11     | Bought a +2 ring of slaying for 231 gold pieces
 11809 | Orc:1    | Entered Level 1 of the Orcish Mines
 11863 | Orc:1    | Noticed Erolcha
 11873 | Orc:1    | Killed Erolcha
 11885 | Orc:1    | Noticed Erica
 11892 | Orc:1    | Killed Erica
 11921 | Orc:1    | Found Epykisk's Antique Armour Emporium.
 12031 | Orc:2    | Entered Level 2 of the Orcish Mines
 12047 | Orc:2    | Found a staircase to the Elven Halls.
 12049 | Orc:2    | HP: 2/94 [orc priest/divine providence (10)]
 12076 | Orc:2    | Slain by an orc wizard

Levels and vault maps discovered:
D:1:      mrwooster_arrival_statue_3, layout_basic, minmay_misc_feat_encased,
          hangedman_decor_riveting
D:2:      layout_basic, nicolae_gozag_cash_rules_everything_around_me,
          grunt_qazlal_clouds, uniq_robin
D:3:      layout_basic, chequers_ecumenical_altar_island, first_ration,
          minmay_unequal, uniq_crazy_yiuf_cottage
D:4:      layout_basic, nicolae_tso_besieged_by_evil, kennysheep_mini
D:5:      layout_cave_pools, zin_scriptorium, portal_sewer_entry_b, uniq_ijyb
D:6:      layout_cave_pools, slow_altar_1, nicolae_overflow_hidden_temple,
          temple_fountains, serial_glass, glass_columns_a, glass_columns_a,
          glass_columns_b, glass_columns_b, glass_columns_a, glass_columns_a,
          glass_columns_c, glass_columns_b, feat_on_display,
          due_unseen_surprise, minmay_strange_pillars, serial_shops, shop,
          kennysheep_generic_room_6
D:7:      layout_basic, uniq_joseph, uniq_pikel
D:8:      layout_loops_ring, serial_shops, shop, roderic_serpentine_path
D:9:      layout_gridville, lemuel_doored_altar, due_lair_maze_entry_diamond,
          basic_altar, david_nohive_1, nicolae_looking_at_the_future
D:10:     hangedman_screamer, layout_stronghold, david_orc_3,
          minmay_misc_feat_five, nicolae_wwwww, laboratory, uniq_psyche
D:11:     layout_irregular_city, serial_shops,
          nicolae_shop_temple_entry_statues_fountains, kennysheep_windowed_goal
D:12:     layout_loops_ring
D:13:     layout_cross, grunt_vaults_entry_fortified, kennysheep_doodads
D:14:     layout_layer_cave, serial_shops, nicolae_shop_statue_plus,
          chequers_avenue
D:15:     hangedman_depths_entry_civil_slaughter, layout_basic,
          gammafunk_ghost_smash, minmay_librarian
Temple:   regret_index_temple_waves
Lair:1:   layout_big_grid, st_stairs_5, grunt_megastairs_3,
          infiniplex_staircase_pool
Lair:2:   layout_gridlike, enter_volcano_3, beast_lair_carwin_5
Lair:3:   layout_layer_cave, swamp_mist, spider_nest_entry_funnel_web
Lair:4:   layout_loops_ring
Orc:1:    layout_caves, serial_shops, shop_statue, uniq_erolcha, uniq_erica
Orc:2:    st_orc_ogre_mass, layout_caves, serial_shops, bzr_entry_road,
          led_sif_book

Skill      XL: |  1  2  3  4  5  6  7  8  9 10 11 12 13 14 |
---------------+-------------------------------------------+-----
Stealth        | 3 4 |  4.0
Unarmed Combat | 2 3 5 6 8 10 | 10.2
Summonings     | 1 2 4 5 6 7 8 9 |  9.0
Translocations | 1 2 4 5 6 7 |  7.0
Shields        | 2 4 |  4.0
Invocations    | 4 6 |  6.0
Fighting       | 3 5 7 |  7.0
Dodging        | 3 5 7 |  7.2
Hexes          | 4 5 |  5.0
Spellcasting   | 3 6 7 8 |  8.5
Transmutations | 3 8 9 |  9.6
Poison Magic   | 5 6 |  6.4
Short Blades   | |  1.0
Evocations     | |  3.2

Action                   |  1- 3 |  4- 6 |  7- 9 | 10-12 | 13-15 || total
-------------------------+-------+-------+-------+-------+-------++-------
Melee: Dagger            |    42 |    58 |   134 |       |       ||   234
       Constrict         |    15 |    10 |    66 |    92 |    36 ||   219
       Short sword       |     5 |       |     4 |       |       ||     9
       Tentacles         |     6 |     7 |    83 |   169 |   111 ||   376
       Punch             |     1 |       |    27 |    64 |    44 ||   136
       Unarmed           |       |       |   203 |   469 |   275 ||   947
       Trident           |       |       |       |     2 |       ||     2
       Kick              |       |       |       |       |    54 ||    54
Throw: Dart              |       |       |       |     1 |       ||     1
 Cast: Summon Forest     |       |       |       |    16 |    23 ||    39
       Summon Mana Viper |       |       |       |     2 |    18 ||    20
       Hydra Form        |       |       |       |       |     4 ||     4
Invok: Slouch            |       |       |       |    11 |     7 ||    18
       Temporal Distorti |       |       |       |     2 |     2 ||     4
Evoke: Wand              |       |    14 |    15 |    36 |    13 ||    78
       Box of beasts     |       |       |       |       |     1 ||     1
  Use: Potion            |       |     2 |     1 |    12 |     9 ||    24
       Scroll            |       |     2 |     7 |    13 |    10 ||    32
 Stab: Sleeping          |     8 |     1 |    12 |    22 |     8 ||    51
       Confused          |       |     1 |       |       |       ||     1
       Paralysed         |       |     1 |     7 |     2 |       ||    10
       Betrayed ally     |       |       |     1 |     1 |       ||     2
       Invisible         |       |       |       |     4 |       ||     4
       Distracted        |       |       |       |     6 |    11 ||    17
  Eat: Chunk             |       |       |     4 |     8 |    10 ||    22
       Ration            |       |       |     1 |     3 |     3 ||     7
Armor: Skin              |       |    21 |    25 |    18 |    18 ||    82
Dodge: Dodged            |    26 |    14 |    95 |   251 |   162 ||   548
Block: Buckler           |       |       |    57 |   160 |    83 ||   300

Table legend:
 A = Non-vault XP
 B = Vault XP
 C = Vault XP percentage of total XP
 D = Non-vault monster count
 E = Vault monster count
 F = Vault count percentage of total count
                 A         B        C        D         E       F
            +---------+---------+-------+---------+---------+-------
      Total |   39917 |   25188 |  38.7 |     413 |     182 |  30.6
            +---------+---------+-------+---------+---------+-------
        D:1 |      35 |       0 |   0.0 |      18 |       0 |   0.0
        D:2 |      27 |       0 |   0.0 |      14 |       0 |   0.0
        D:3 |      55 |      69 |  55.6 |      17 |       2 |  10.5
        D:4 |     509 |      61 |  10.7 |      36 |      14 |  28.0
        D:5 |     804 |      64 |   7.4 |      26 |       6 |  18.8
        D:6 |    1367 |      16 |   1.2 |      10 |       1 |   9.1
        D:7 |     676 |    1012 |  60.0 |      18 |       2 |  10.0
        D:8 |     772 |       0 |   0.0 |      26 |       0 |   0.0
        D:9 |     649 |    3138 |  82.9 |      17 |      38 |  69.1
       D:10 |    1962 |    8440 |  81.1 |      24 |      50 |  67.6
       D:11 |    5455 |       0 |   0.0 |      30 |       0 |   0.0
       D:12 |    2804 |       0 |   0.0 |      24 |       0 |   0.0
       D:13 |    4414 |       0 |   0.0 |      30 |       0 |   0.0
       D:14 |     224 |       0 |   0.0 |       5 |       0 |   0.0
       D:15 |    7830 |    3199 |  29.0 |      24 |       6 |  20.0
     Lair:1 |     683 |     107 |  13.5 |       5 |       1 |  16.7
     Lair:2 |    1455 |    1058 |  42.1 |       9 |       8 |  47.1
     Lair:3 |    4105 |     648 |  13.6 |      24 |       4 |  14.3
     Lair:4 |    4334 |       0 |   0.0 |      27 |       0 |   0.0
      Orc:1 |     842 |    1918 |  69.5 |      18 |       2 |  10.0
      Orc:2 |     915 |       0 |   0.0 |      11 |       0 |   0.0
      Sewer |       0 |      64 | 100.0 |       0 |      20 | 100.0
    Volcano |       0 |    5394 | 100.0 |       0 |      28 | 100.0
            +---------+---------+-------+---------+---------+-------
